 Dungeon Crawl Stone Soup version 0.20.1-1-g8b1a95d (webtiles) character file.

11538 Peloso the Carver (level 11, -2/86 HPs)
             Began as a Demonspawn Fighter on Aug 1, 2017.
             Was the Champion of Okawaru.
             Slain by an orc warrior
             ... wielding a +0 battleaxe
              (8 damage)
             ... on level 10 of the Dungeon.
             The game lasted 00:29:22 (9748 turns).

Peloso the Carver (Demonspawn Fighter)              Turns: 9748, Time: 00:29:29

Health: -2/86      AC: 18    Str: 19    XL:     11   Next: 50%
Magic:  0/11       EV:  9    Int: 10    God:    Okawaru [******]
Gold:   541        SH:  0    Dex: 13    Spells: 10/10 levels left

rFire    . . .     SeeInvis .   y - +11 plutonium sword {*Contam Stlth-}
rCold    + . .     Gourm    .   (shield currently unavailable)
rNeg     . . .     Faith    .   x - +2 chain mail {rC+}
rPois    .         Spirit   +   p - +2 hat {MR+}
rElec    .         Reflect  .   (no cloak)
rCorr    .         Harm     .   (no gloves)
MR       ++...                  (no boots)
Stlth    ..........             (no amulet)
Regen    0.3/turn               s - ring of protection from magic
MPRegen  0.3/turn               (no ring)

@: drained
A: claws 2, molten scales 2, screaming 1, spiny 2, magic shield, magic
regeneration, subdued magic 1
a: Heroism, Finesse, Renounce Religion


You were on level 10 of the Dungeon.
You worshipped Okawaru.
Okawaru was exalted by your worship.
You were near starving.

You visited 1 branch of the dungeon, and saw 10 of its levels.

You collected 541 gold pieces.

Inventory:

Hand Weapons
 a - a +0 scimitar of flaming
 i - the +7 falchion "Kessun" {elec, MR+ SInv}
   (Okawaru gifted it to you on level 8 of the Dungeon)

   Occasionally, upon striking a foe, it will discharge some electrical energy
   and cause terrible harm.
   It affects your resistance to hostile enchantments.
   It lets you see invisible.
 y - the +11 plutonium sword (weapon) {*Contam Stlth-}
   (You found it on level 6 of the Dungeon)

   It causes magical contamination when unequipped.
   It makes you less stealthy.
 H - the +2 great sword of Tartarus {venom, +Fly Str+6 Int-3}
   (Okawaru gifted it to you on level 10 of the Dungeon)

   It poisons the flesh of those it strikes.
   It affects your strength (+6).
   It affects your intelligence (-3).
   It lets you fly.
Armour
 c - a +0 shield
 p - a +2 hat of magic resistance (worn)
 x - a +2 chain mail of cold resistance (worn)
Jewellery
 s - a ring of protection from magic (left claw)
Wands
 o - a wand of random effects (28/48)
 u - a wand of clouds (5/9)
 D - a wand of lightning (11/15)
 E - a wand of confusion (23/48)
Scrolls
 d - 2 scrolls of identify
 l - a scroll of amnesia
 m - a scroll of random uselessness {unknown}
 n - 4 scrolls of remove curse
 r - 2 scrolls of magic mapping {unknown}
 t - 4 scrolls of teleportation {unknown}
 w - 2 scrolls of fear {unknown}
Potions
 e - 2 potions of haste
 j - 5 potions of curing
 k - a potion of ambrosia
 q - 5 potions of heal wounds {unknown}
 v - a potion of agility {unknown}
 z - 3 potions of might
 C - a potion of cancellation {unknown}
Books
 A - a book of Beasts

   Spells                             Type                      Level
   a - Summon Butterflies             Summoning                    1
   b - Call Canine Familiar           Summoning                    3
   c - Summon Ice Beast               Ice/Summoning                4
   d - Summon Mana Viper              Hexes/Summoning              5
   e - Summon Hydra                   Summoning                    7
 B - a book of Misfortune

   Spells                             Type                      Level
   a - Confusing Touch                Hexes                        1
   b - Confuse                        Hexes                        3
   c - Gell's Gravitas                Translocation                3
   d - Petrify                        Transmutation/Earth          4
   e - Metabolic Englaciation         Hexes/Ice                    5
   f - Yara's Violent Unravelling     Hexes/Transmutation          5
Comestibles
 b - 5 royal jellies
 f - 11 bread rations
 g - 3 fruits
 h - 6 meat rations


   Skills:
 + Level 7.9(7.6) Fighting
 + Level 11.7(11.4) Long Blades
 + Level 8.5(8.2) Armour
 + Level 3.5(3.2) Dodging
 + Level 1.7(1.4) Stealth
 + Level 5.5(5.2) Shields


You had 10 spell levels left.
You didn't know any spells.

Dungeon Overview and Level Annotations

Branches:
Dungeon (10/15)            Temple (0/1) D:5
   Lair: D:8-11         Orc: D:9-12

Altars:
Ashenzari
Cheibriados
Fedhas
Hepliaklqana
Kikubaaqudgha
Makhleb
Nemelex Xobeh
Okawaru
Trog
Uskayaw
Yredelemnul

Shops:
D:10 :

Annotations:
D:3 1 runed door


Innate Abilities, Weirdness & Mutations

You have very sharp fingernails.
You are mostly covered in molten scales. (AC +3)
You are mostly covered in sharp spines.
When hurt, damage is shared between your health and your magic reserves.
You regenerate magic rapidly.
You occasionally shout uncontrollably at your foes.
Your spells are a little easier to cast, but a little less powerful.


Message History

The troll bites you but does no damage. The troll claws you.
* * * LOW HITPOINT WARNING * * *
The troll claws you.
* * * LOW HITPOINT WARNING * * *
You slash the troll!
You kill the troll!
Okawaru accepts your kill.
A centaur comes into view.
You slice the orc warrior!!
The orc warrior is almost dead.
The orc warrior hits you with a battleaxe!
* * * LOW HITPOINT WARNING * * *
The orc priest casts a cantrip, but nothing happens.
You barely miss the orc warrior.
The orc warrior is almost dead.
You are near starving!
The orc warrior is struck by your spines.
The orc warrior barely misses you.
The orc warrior hits you with a battleaxe!
You die...

###.#.#.##
##.##
##......######
#.#
...#.........#
#.#
##...#.#####.#
#.# ### #.#
#.# ######(#
#.# .......#
#.# ########
#.# #@# #o#
#o# #..o.oc#
#..o#.## #..
#. ..o ## ##


You could see an orc warrior, a centaur, an orc priest and an orc wizard.

Vanquished Creatures
  Gastronok (D:9)
  Erolcha (D:10)
  Fannar (D:10)
  Erica (D:8)
  The ghost of SlightEye the Blocker, a journeyman FoFi of Hepliaklqana (D:10)
  3 two-headed ogres (D:8)
  A troll (D:10)
  The ghost of Peloso the Slasher, an amateur DsFi (D:4)
  A blink frog (D:8)
  2 hippogriffs
  A spriggan (D:10)
  A wyvern (D:7)
  2 hungry ghosts
  2 phantoms
  4 sky beasts
  2 orc warriors
  2 black bears
  3 ogres
  5 centaurs
  7 bullfrogs
  A scorpion (D:7)
  11 wights
  2 howler monkeys
  A quasit (D:7)
  4 crimson imps
  3 jellies
  8 orc priests
  4 hounds
  12 orc wizards
  2 iguanas
  3 worker ants
  A hound skeleton (D:7)
  A hound zombie (D:7)
  A worker ant zombie (D:7)
  Robin (D:3)
  A howler monkey skeleton (D:4)
  10 gnolls
  10 adders
  3 oozes
  2 worms
  2 leopard geckos
  37 orcs
  6 giant cockroaches
  13 goblins
  11 hobgoblins
  11 jackals
  8 kobolds
  6 quokkas
  2 ball pythons
  14 bats
  3 frilled lizards
  A goblin zombie (D:3)
  A jackal skeleton (D:8)
  2 jackal zombies
  A leopard gecko skeleton (D:5)
  5 rats
246 creatures vanquished.

Vanquished Creatures (others)
  2 plants (D:3)
2 creatures vanquished.

Grand Total: 248 creatures vanquished

Notes
Turn   | Place    | Note
-------+----------+-------------------------------------------
     0 | D:1      | Peloso the Demonspawn Fighter began the quest for the Orb.
     0 | D:1      | Reached XP level 1. HP: 18/18 MP: 1/1
    52 | D:1      | Reached skill level 2 in Long Blades
   119 | D:1      | Gained mutation: You are partially covered in sharp spines. [demonic ancestry]
   119 | D:1      | Reached XP level 2. HP: 16/24 MP: 2/2
   631 | D:1      | Gained mutation: When hurt, damage is shared between your health and your magic reserves. [demonic ancestry]
   631 | D:1      | Reached XP level 3. HP: 20/29 MP: 3/3
   928 | D:2      | Found an iron altar of Okawaru.
   933 | D:2      | Found a shattered altar of Ashenzari.
   934 | D:2      | Found an ancient bone altar of Kikubaaqudgha.
   943 | D:2      | Became a worshipper of Warmaster Okawaru
   997 | D:2      | Found a shattered altar of Ashenzari.
  1536 | D:3      | Reached XP level 4. HP: 34/35 MP: 4/4
  1552 | D:3      | Reached skill level 1 in Dodging
  1613 | D:3      | Found a runed door.
  1613 | D:3      | Noticed a human
  1621 | D:3      | Found a basalt altar of Yredelemnul.
  1666 | D:3      | Found a hazy altar of Hepliaklqana.
  1743 | D:3      | Gained mutation: You regenerate magic rapidly. [demonic ancestry]
  1743 | D:3      | Reached XP level 5. HP: 26/41 MP: 5/5
  1749 | D:3      | Noticed Robin
  1775 | D:3      | Killed Robin
  1775 | D:3      | Reached skill level 3 in Long Blades
  2539 | D:4      | Found a bloodstained altar of Trog.
  2704 | D:3      | Gained mutation: You have sharp fingernails. [demonic ancestry]
  2704 | D:3      | Reached XP level 6. HP: 39/47 MP: 4/6
  2849 | D:3      | Reached * piety under Okawaru
  3033 | D:4      | Reached skill level 4 in Long Blades
  3069 | D:4      | Noticed Peloso's ghost (amateur DsFi)
  3091 | D:4      | Killed Peloso's ghost
  3091 | D:4      | Reached XP level 7. HP: 16/53 MP: 4/7
  3692 | D:4      | Found a snail-covered altar of Cheibriados.
  3952 | D:5      | Entered Level 5 of the Dungeon
  3968 | D:5      | Reached skill level 5 in Long Blades
  3971 | D:5      | Reached ** piety under Okawaru
  4234 | D:5      | Gained mutation: You are partially covered in molten scales. (AC +2) [demonic ancestry]
  4234 | D:5      | Reached XP level 8. HP: 54/60 MP: 6/8
  4340 | D:5      | Found a staircase to the Ecumenical Temple.
  4669 | D:6      | Reached skill level 6 in Long Blades
  4703 | D:6      | Found a sparkling altar of Nemelex Xobeh.
  4758 | D:6      | Reached skill level 5 in Shields
  4975 | D:6      | Reached skill level 5 in Armour
  4976 | D:6      | Reached *** piety under Okawaru
  4994 | D:6      | Gained mutation: Your spells are a little easier to cast, but a little less powerful. [mutagenic glow]
  5324 | D:6      | Gained mutation: You are mostly covered in sharp spines. [demonic ancestry]
  5324 | D:6      | Reached XP level 9. HP: 58/66 MP: 7/9
  5325 | D:6      | Reached skill level 7 in Long Blades
  5639 | D:7      | Noticed an enchanted hand axe
  5641 | D:7      | Noticed a dagger
  5644 | D:7      | Found a hide-covered altar of Uskayaw.
  5687 | D:7      | Found a blossoming altar of Fedhas.
  6058 | D:8      | Noticed Joseph
  6296 | D:8      | Noticed Joseph
  6296 | D:8      | Joseph changed into Joseph the blink frog
  6299 | D:8      | Reached skill level 5 in Fighting
  6304 | D:8      | Killed Joseph the blink frog
  6304 | D:8      | Reached **** piety under Okawaru
  6588 | D:8      | Noticed Erica
  6603 | D:8      | Killed Erica
  6603 | D:8      | Reached skill level 8 in Long Blades
  6603 | D:8      | Reached skill level 1 in Stealth
  7179 | D:8      | Noticed a two-headed ogre
  7187 | D:8      | Killed a two-headed ogre
  7187 | D:8      | Reached ***** piety under Okawaru
  7187 | D:8      | Reached skill level 9 in Long Blades
  7187 | D:8      | Gained mutation: You are mostly covered in molten scales. (AC +3) [demonic ancestry]
  7187 | D:8      | Reached XP level 10. HP: 31/76 MP: 4/10
  7482 | D:8      | Noticed a two-headed ogre
  7487 | D:8      | Killed a two-headed ogre
  7487 | D:8      | Received a gift from Okawaru
  7490 | D:8      | Got a steaming falchion {god gift}
  7924 | D:8      | Identified the +7 falchion "Kessun" {elec, MR+ SInv} (Okawaru gifted it to you on level 8 of the Dungeon)
  7926 | D:8      | Noticed a two-headed ogre
  7937 | D:8      | Killed a two-headed ogre
  7937 | D:8      | Reached skill level 10 in Long Blades
  8323 | D:9      | Noticed Gastronok
  8336 | D:9      | Killed Gastronok
  8336 | D:9      | Gained mutation: You have very sharp fingernails. [demonic ancestry]
  8336 | D:9      | Reached XP level 11. HP: 30/84 MP: 3/11
  9064 | D:10     | Entered Level 10 of the Dungeon
  9203 | D:10     | Noticed Erolcha
  9209 | D:10     | Killed Erolcha
  9209 | D:10     | Reached ****** piety under Okawaru
  9209 | D:10     | Reached skill level 11 in Long Blades
  9297 | D:10     | Found a burning altar of Makhleb.
  9302 | D:10     | Noticed Fannar
  9309 | D:10     | Killed Fannar
  9309 | D:10     | Received a gift from Okawaru
  9315 | D:10     | Got a bloodstained great sword {god gift}
  9316 | D:10     | Identified the +2 great sword of Tartarus {venom, +Fly Str+6 Int-3} (Okawaru gifted it to you on level 10 of the Dungeon)
  9331 | D:10     | Gained mutation: You occasionally shout uncontrollably at your foes. [mutagenic glow]
  9508 | D:10     | Found Ratan's Book Shop.
  9627 | D:10     | Noticed SlightEye's ghost (journeyman FoFi)
  9638 | D:10     | Killed SlightEye's ghost
  9748 | D:10     | Slain by an orc warrior

Skill      XL: |  1  2  3  4  5  6  7  8  9 10 11 |
---------------+----------------------------------+-----
Long Blades    | 2 3 4 5 6 9 10 11 | 11.7
Shields        | 3 4 5 |  5.5
Armour         | 3 4 5 6 8 |  8.5
Dodging        | 1 2 3 |  3.5
Fighting       | 4 5 7 |  7.9
Stealth        | 1 |  1.7

Action                   |  1- 3 |  4- 6 |  7- 9 | 10-12 || total
-------------------------+-------+-------+-------+-------++-------
Melee: Long sword        |    91 |   185 |   174 |       ||   450
       Triple sword      |       |       |    79 |    89 ||   168
       Scimitar          |       |       |    21 |       ||    21
       Falchion          |       |       |       |    19 ||    19
  Use: Potion            |       |     1 |       |       ||     1
       Scroll            |       |       |    10 |       ||    10
  Eat: Chunk             |     2 |     5 |    13 |     9 ||    29
       Fruit             |       |       |       |     1 ||     1
Armor: Scale mail        |    61 |    60 |    65 |       ||   186
       Chain mail        |       |       |    79 |    72 ||   151
Dodge: Dodged            |    42 |    51 |   108 |    50 ||   251
Block: Shield            |    56 |   102 |    95 |       ||   253
       Rpst.: Long sword |    14 |    17 |    15 |       ||    46
       Triple sword      |       |       |    10 |    14 ||    24
       Scimitar          |       |       |     3 |       ||     3
